 Dungeon Crawl Stone Soup version 0.27-a0-1147-gb3d8e82157 (webtiles) character file.

Game seed: 10451343669706783053

1789 freelancePsychic the Archer (level 8, 71/71 HPs)
             Began as a Minotaur Hunter on May 11, 2021.
             Was an Initiate of Gozag.
             Quit the game on level 5 of the Dungeon.
             The game lasted 00:12:18 (6713 turns).

freelancePsychic the Archer (Minotaur Hunter)       Turns: 6713, Time: 00:12:18

Health: 71/71      AC: 18    Str: 19    XL:     8   Next: 82%
Magic:  7/7        EV:  6    Int:  8    God:    Gozag
Gold:   203        SH:  5    Dex: 11    Spells: 7/7 levels left

rFire    . . .     SeeInvis .   a - +1 shortbow
rCold    . . .     Faith    .   (shield currently unavailable)
rNeg     . . .     Spirit   .   h - +0 plate armour
rPois    .         Reflect  +   (helmet restricted)
rElec    .         Harm     .   p - scarf {shadows}
rCorr    .         Rampage  .   r - +0 pair of gloves
Will     .....                  q - +0 pair of boots
Stlth    ..........             v - amulet of reflection
HPRegen  0.21/turn              t - +4 ring of protection
MPRegen  0.10/turn              (no ring)

@: no status effects
A: horns 2, retaliatory headbutt
a: Renounce Religion, Potion Petition, Call Merchant, Bribe Branch


You were on level 5 of the Dungeon.
You worshipped Gozag.
Gozag was aware of your devotion.
You visited 1 branch of the dungeon, and saw 5 of its levels.

You collected 893 gold pieces.
You paid 690 gold pieces to Gozag.

Inventory:

Hand Weapons
 a - a +1 shortbow (weapon)
 b - a +0 short sword
Missiles
 d - 57 arrows (quivered ammo)
Armour
 h - a +0 plate armour (worn)
 p - a scarf of shadows (worn)
 q - a +0 pair of boots (worn)
 r - a +0 pair of gloves (worn)
Jewellery
 t - a +4 ring of protection (left hand)
 v - an amulet of reflection (around neck)
 w - a ring of willpower
Wands
 f - a wand of mindburst (21)
 m - a wand of iceblast (9)
Scrolls
 j - a scroll of blinking
 k - a scroll of brand weapon {unknown}
 l - a scroll of immolation {unknown}
 n - 2 scrolls of identify {unknown}
 o - a scroll of teleportation {@r4}
 s - a scroll of magic mapping {unknown}
Potions
 c - a potion of flight {unknown}
 e - a potion of lignification {unknown}
 g - a potion of might
 i - a potion of haste {unknown}
 u - 2 potions of cancellation {unknown}


   Skills:
 + Level 6.9 Fighting
 * Level 10.8 Bows
 - Level 4.7 Armour
 - Level 2.1 Dodging
 - Level 0.7 Stealth


You had 7 spell levels left.
You didn't know any spells.
Your spell library contained the following spells:

 Spells                   Type           Power      Damage    Failure   Level
 Animate Skeleton         Necr           0%         N/A       100%        1
 Apportation              Tloc           0%         N/A       100%        1
 Corona                   Hex            0%         N/A       100%        1
 Magic Dart               Conj           0%         1d3       100%        1
 Summon Small Mammal      Summ           0%         N/A       100%        1
 Blink                    Tloc           N/A        N/A       100%        2
 Call Imp                 Summ           0%         N/A       100%        2
 Searing Ray              Conj           0%         3d3       100%        2
 Slow                     Hex            0%         N/A       100%        2
 Call Canine Familiar     Summ           0%         N/A       100%        3
 Conjure Flame            Conj/Fire      0%         6-21      100%        3
 Dazzling Flash           Conj/Hex       0%         N/A       100%        3
 Mephitic Cloud           Conj/Pois/Air  0%         N/A       100%        3
 Summon Guardian Golem    Hex/Summ       0%         N/A       100%        3
 Fulminant Prism          Conj/Hex       0%         3d6       100%        4
 Iskenderun's Mystic Bla  Conj/Tloc      0%         2d3       100%        4
 Summon Ice Beast         Ice/Summ       0%         N/A       100%        4
 Summon Lightning Spire   Summ/Air       0%         N/A       100%        4


Dungeon Overview and Level Annotations

Branches:
Dungeon (5/15)
 Temple: D:4-7

Altars:
Ashenzari
Gozag
Hepliaklqana
Kikubaaqudgha

Shops:
D:5 !


Innate Abilities, Weirdness & Mutations

You have a pair of horns on your head.
You reflexively headbutt those who attack you in melee.


Message History

d - 57 arrows (gained 1)
There is a stone staircase leading down here.
You see here a +0 spear.
You see here a +0 whip.
There is an open door here.
Found a long sword.
u - 2 lumpy golden potions You see here a +0 long sword.
You see here a +0 shortbow.
There is an open door here.
There is an open door here.
You see here a +0 giant spiked club.
Things that are here:
a +0 flail; a +0 chain mail
There is an open door here.
Items here: ( )) [.
Found a stone staircase leading up.
w - a ring of willpower
There is a stone staircase leading up here.
You see here an amulet of reflection.
Done exploring.
Done exploring.
Okay, then.
You have 876 gold pieces.
Unknown command. [a] 673 gold - Otooziuc's Distillery [b] 513 gold - Fuhegot's Magic Scroll Boutique [c] 735 gold - Koile's Book Boutique Fund which merchant?
Welcome back, freelancePsychic the Minotaur Hunter.
Gozag says: Greed is good.
Press ? for a list of commands and other information. [a] 673 gold - Otooziuc's Distillery [b] 513 gold - Fuhegot's Magic Scroll Boutique [c] 735 gold - Koile's Book Boutique Fund which merchant?
You no longer have enough gold to petition Gozag for potion effects.
You no longer have enough gold to fund merchants seeking to open stores in the dungeon.
Otooziuc invites you to visit his Distillery.
Are you sure you want to abandon this character and quit the game? (Confirm with "yes".)

........# #... ........# #...
......[.###### #...
........#....# #...
........#.##.# ####
........#.##.########
........#.##........#
........#.###.......#
#########.# #...@...# ###### #
#.# #.......# #....#
#########.###.......# #.##.#
..............."....# #.##.#
########.####.####.######.##.#
....#..#.# #.# #.....##.##.#
.##.#..#.# #.# #####.##.##.###
.##....#.####.# #.....#...#
######.#......# #########.##


There were no monsters in sight!

Vanquished Creatures
  4 yaks (D:5)
  A black bear (D:5)
  4 ogres
  A centaur (D:5)
  2 phantoms
  2 scorpions (D:4)
  2 centaur skeletons
  An orc priest (D:5)
  An iguana (D:5)
  4 orc wizards
  2 hound skeletons (D:4)
  7 gnolls
  An adder (D:3)
  An ufetubus (D:5)
  A worm (D:2)
  3 dart slugs
  27 orcs
  6 endoplasms
  2 giant cockroaches (D:1)
  9 goblins
  A hobgoblin (D:3)
  4 jackals (D:2)
  6 quokkas
  8 ball pythons
  6 bats
  6 frilled lizards
  3 kobolds
  4 rats
119 creatures vanquished.

Vanquished Creatures (others)
  A hobgoblin (D:4)
1 creature vanquished.

Grand Total: 120 creatures vanquished

Notes
Turn   | Place    | Note
-------+----------+-------------------------------------------
     0 | D:1      | freelancePsychic the Minotaur Hunter began the quest for
                  | the Orb.
     0 | D:1      | Reached XP level 1. HP: 18/18 MP: 0/0
   294 | D:1      | Reached XP level 2. HP: 25/25 MP: 1/1
   434 | D:1      | Reached skill level 1 in Armour
  1133 | D:2      | Reached skill level 5 in Bows
  1133 | D:2      | Reached XP level 3. HP: 31/31 MP: 2/2
  1485 | D:2      | Found an opulent altar of Gozag.
  1494 | D:2      | Became a worshipper of Gozag Ym Sagoz the Greedy
  1795 | D:2      | Reached XP level 4. HP: 30/38 MP: 3/3
  3300 | D:3      | Found a faded altar of an unknown god.
  3515 | D:3      | Reached XP level 5. HP: 46/46 MP: 4/4
  3756 | D:4      | Reached skill level 6 in Bows
  3786 | D:4      | Noticed a phantom
  3800 | D:4      | Killed a phantom
  3876 | D:4      | Reached XP level 6. HP: 26/52 MP: 5/5
  4088 | D:4      | Found an ancient bone altar of Kikubaaqudgha.
  4198 | D:4      | Reached skill level 7 in Bows
  4636 | D:4      | Reached XP level 7. HP: 22/58 MP: 6/6
  5233 | D:4      | Found a hazy altar of Hepliaklqana.
  5239 | D:4      | Found a broken altar of Ashenzari.
  5344 | D:5      | Entered Level 5 of the Dungeon
  5408 | D:5      | Reached skill level 8 in Bows
  5481 | D:5      | Noticed a yak
  5481 | D:5      | Noticed a yak
  5489 | D:5      | Noticed a yak
  5491 | D:5      | Noticed a yak
  5506 | D:5      | Killed a yak
  5507 | D:5      | Killed a yak
  5513 | D:5      | Killed a yak
  5514 | D:5      | Reached skill level 5 in Fighting
  5514 | D:5      | Reached skill level 9 in Bows
  5514 | D:5      | Reached XP level 8. HP: 42/68 MP: 7/7
  5757 | D:5      | Reached skill level 10 in Bows
  6713 | D:5      | Quit the game

Illustrated notes

Levels and vault maps discovered:
D:1:      dpeg_arrival_circle_labyrinth_c, layout_basic, minmay_misc_feat_rows
D:2:      layout_loops_corners, basic_altar
D:3:      layout_basic, shapermc_ecumenical_altar_mp_vishouse
D:4:      layout_cave_pods, amcnicky_altar_gilded,
          nicolae_overflow_hidden_temple, kennysheep_generic_room_13
D:5:      layout_basic

Skill      XL: |  1  2  3  4  5  6  7  8 |
---------------+-------------------------+-----
Armour         | 1 2 3 4 |  4.7
Fighting       | 3 5 6 |  6.9
Bows           | 5 6 7 9 10 | 10.8
Dodging        | |  2.1
Stealth        | |  0.7

Action                   |  1- 3 |  4- 6 |  7- 9 || total
-------------------------+-------+-------+-------++-------
Melee: Short sword       |    53 |   104 |    21 ||   178
       Headbutt          |     4 |    19 |     5 ||    28
 Fire: Shortbow          |    61 |    92 |   151 ||   304
Invok: Call Merchant     |       |       |     1 ||     1
  Use: Scroll            |     1 |     1 |       ||     2
       Potion            |       |     4 |       ||     4
Armor: Chain mail        |     5 |       |       ||     5
       Plate armour      |    68 |   128 |    56 ||   252
Dodge: Dodged            |    26 |    50 |    18 ||    94
Block: Other             |       |    15 |    11 ||    26
       Reflection        |       |     1 |       ||     1

Table legend: (Time is in decaauts)
 A = Elapsed time spent in this place.
 B = Non-inter-level travel time spent in this place.
 C = Inter-level travel time spent in this place.
 D = Time resting spent in this place.
 E = Time spent auto-exploring this place.
 F = Levels seen in this place.
 G = Mean time per level.
                   A        B        C        D        E       F      G
               +--------+--------+--------+--------+--------+-----+--------+
         Total |   6696 |   6375 |    321 |    222 |   5178 |   5 | 1339.2 |
       Dungeon |   6696 |   6375 |    321 |    222 |   5178 |   5 | 1339.2 |
               +--------+--------+--------+--------+--------+-----+--------+

Top non-repeatable levels by time:
     D:4: 1647 daAuts
     D:5: 1344 daAuts
     D:2: 1334 daAuts
     D:3: 1286 daAuts
     D:1: 1083 daAuts
